 Dungeon Crawl Stone Soup version 0.28.0 (webtiles) character file.

Game seed: 8331311914841125667

16 Hasart the Insei (level 2, -22/18 HPs)
             Began as an Octopode Transmuter on Feb 19, 2022.
             Annihilated by a kobold (23 damage)
             ... on level 1 of the Dungeon.
             The game lasted 00:00:24 (662 turns).

Hasart the Insei (Octopode Transmuter)               Turns: 662, Time: 00:00:25

Health: -22/18     AC:  1    Str:  9    XL:     2   Next: 54%
Magic:  5/5        EV: 13    Int: 15    God:
Gold:   23         SH:  0    Dex: 12    Spells: 4/5 levels left

rFire   . . .      SeeInvis .     - Unarmed
rCold   . . .      Faith    .   (no shield)
rNeg    . . .      Spirit   .   (helmet restricted)
rPois   .          Reflect  .   (no amulet)
rElec   .          Harm     .   (no ring)
rCorr   .          Rampage  .   (no ring)
Will    .....                   (no ring)
Stlth   ++........              (no ring)
HPRegen 0.06/turn               (no ring)
MPRegen 0.09/turn               (no ring)
                                (no ring)
                                (no ring)

@: no status effects
A: almost no armour, amphibious, 8 rings, camouflage 1, gelatinous body 1,
(nimble swimmer 1), tentacles
a: no special abilities


You were on level 1 of the Dungeon.
You visited 1 branch of the dungeon, and saw 1 of its levels.

You collected 23 gold pieces.

Inventory:

Scrolls
 a - a scroll of amnesia {unknown}
 b - 2 scrolls of teleportation {unknown}


   Skills:
 + Level 1.2 Fighting
 + Level 2.1 Dodging
 * Level 3.3 Unarmed Combat
 + Level 2.1 Spellcasting
 + Level 2.1 Transmutations


You had 4 spell levels left.
You knew the following spells:

 Your Spells              Type           Power      Damage    Failure   Level
a - Beastly Appendage     Tmut           16%        N/A       9%          1

Your spell library contained the following spells:

 Spells                   Type           Power      Damage    Failure   Level
 Wereblood                Tmut           8%         N/A       14%         2
 Spider Form              Tmut/Pois      4%         N/A       38%         3
 Ice Form                 Ice/Tmut       4%         N/A       80%         4


Dungeon Overview and Level Annotations

Branches:
Dungeon (1/15)

Altars:


Innate Abilities, Weirdness & Mutations

You cannot wear most types of armour.
You are amphibious.
You can wear up to eight rings at the same time.
Your skin changes colour to match your surroundings (Stealth+).
Your rubbery body absorbs attacks. (AC +1, EV +1)
((You are camouflaged when in or above water. (Stealth+)))
You have tentacles for arms and can constrict up to eight enemies at once.


Message History

The spectral kobold barely misses you.
You barely miss the spectral kobold. You squeeze the spectral kobold.
The spectral kobold is severely damaged.
The spectral kobold closely misses you.
You tentacle-slap the spectral kobold but do no damage.
You tentacle-slap the spectral kobold, but do no damage.
You squeeze the spectral kobold.
You destroy the spectral kobold!
Found a stone staircase leading down.
Found a faded altar of an unknown god.
A goblin comes into view. It is wielding a +0 dagger.
A goblin is nearby!
You closely miss the goblin. Your grab misses the goblin.
The goblin barely misses you.
You completely miss the goblin. You grab the goblin. You constrict the goblin.
The goblin hits you with a +0 dagger.
You tentacle-slap the goblin but do no damage.
You tentacle-slap the goblin, but do no damage.
The goblin is moderately wounded.
You constrict the goblin. The goblin hits you with a +0 dagger.
You tentacle-slap the goblin.
You kill the goblin!
Found 5 poisoned darts.
Things that are here:
a +0 dagger; a goblin corpse You see here 5 poisoned darts.
A kobold comes into view.
It is wielding a +2 dagger of distortion.
The kobold shouts!
The kobold hits you with a +2 dagger of distortion.
Space warps horribly around you!
Ouch! That really hurt!
* * * LOW HITPOINT WARNING * * *
You closely miss the kobold. You grab the kobold. You squeeze the kobold.
The kobold is heavily wounded.
You constrict the kobold, but do no damage.
The kobold hits you with a +2 dagger of distortion.
* * * LOW HITPOINT WARNING * * *
Space warps horribly around you!!
Ouch! That really hurt!
You die...

+##≈≈..##.###
≈≈≈#........#
≈≈.#≈.###.#.# #
≈≈.#.≈.##.#.#..###
...###...........# #
≈≈≈≈.#≈#.####.##.##.#
≈##.8≈.#.# ....
≈.##≈#...### ##.##
≈.≈≈.......# ##.@K#
.....#.....###.#.#.##
####.#.....##.##.##.#
####.#.....#.......##
.....#...>.#.##....#
############.##....#
#### #.##.#..# ...#
#.##....# ##.#
#.......#


You could see a kobold.

Vanquished Creatures
  A dart slug (D:1)
  An endoplasm (D:1)
  2 goblins (D:1)
  2 hobgoblins (D:1)
  A kobold (D:1)
  3 ball pythons (D:1)
  A rat (D:1)
  A spectral kobold (D:1)
12 creatures vanquished.

Notes
Turn   | Place    | Note
-------+----------+-------------------------------------------
     0 | D:1      | Hasart the Octopode Transmuter began the quest for the Orb.
     0 | D:1      | Reached XP level 1. HP: 13/13 MP: 3/3
   341 | D:1      | Reached XP level 2. HP: 18/18 MP: 5/5
   511 | D:1      | Found a faded altar of an unknown god.
   662 | D:1      | Annihilated by a kobold

Illustrated notes

Levels and vault maps discovered:
D:1:      minmay_arrival_plants_in_alcoves, layout_loops_cross,
          dreamdust_ecumenical_altar_drowned_temple

Action                   || total
-------------------------++-------
Melee: Unarmed           ||    33
       Constrict         ||     7
       Tentacles         ||     7
       Punch             ||     3
Armor: Skin              ||     1
Dodge: Dodged            ||    19
